 Dungeon Crawl Stone Soup version 0.27-a0-686-gaed091b46b (webtiles) character file.

Game seed: 3165471739971571451

171 Demosthentine the Poker (level 5, -3/41 HPs)
             Began as a Merfolk Gladiator on Mar 21, 2021.
             Killed by divine providence
             ... invoked by an orc priest
              (8 damage)
             ... on level 4 of the Dungeon.
             The game lasted 00:02:04 (3000 turns).

Demosthentine the Poker (Merfolk Gladiator)         Turns: 3000, Time: 00:02:05

Health: -3/41      AC:  5    Str: 15    XL:     5   Next: 51%
Magic:  5/5        EV: 14    Int:  7    God:
Gold:   145        SH:  0    Dex: 16    Spells: 4/4 levels left

rFire    . . .     SeeInvis .   a - +0 trident
rCold    . . .     Faith    .   (no shield)
rNeg     . . .     Spirit   .   b - +0 leather armour
rPois    .         Reflect  .   c - +1 helmet
rElec    .         Harm     .   (no cloak)
rCorr    .         Rampage  .   (no gloves)
Will     .....                  (no boots)
Stlth    +.........             (no amulet)
HPRegen  0.13/turn              (no ring)
MPRegen  0.09/turn              (no ring)

@: no status effects
A: (nimble swimmer 2), mertail
a: no special abilities


You were on level 4 of the Dungeon.
You visited 1 branch of the dungeon, and saw 4 of its levels.

You collected 145 gold pieces.

Inventory:

Hand Weapons
 a - a +0 trident (weapon)
Missiles
 d - 3 throwing nets (quivered)
Armour
 b - a +0 leather armour (worn)
 c - a +1 helmet (worn)
Scrolls
 f - 2 scrolls of enchant armour
 i - a scroll of blinking
 j - 2 scrolls of teleportation
Potions
 g - 2 potions of heal wounds
 h - a potion of mutation {unknown}
 k - a potion of berserk rage {unknown}
 l - a potion of degeneration {unknown}
 m - a potion of might {unknown}


   Skills:
 + Level 3.5 Fighting
 + Level 5.8 Polearms
 - Level 2.0 Throwing
 + Level 1.6 Armour
 + Level 5.2 Dodging


You had 4 spell levels left.
You didn't know any spells.
Your spell library contained the following spells:

 Spells                   Type           Power      Damage    Failure   Level
 Beastly Appendage        Tmut           0%         N/A       50%         1
 Shock                    Conj/Air       0%         1d3       50%         1
 Swiftness                Air            0%         N/A       65%         2
 Wereblood                Tmut           0%         N/A       65%         2
 Spider Form              Tmut/Pois      0%         N/A       86%         3
 Static Discharge         Conj/Air       0%         N/A       86%         3
 Airstrike                Air            0%         N/A       99%         4
 Ice Form                 Ice/Tmut       0%         N/A       99%         4
 Blade Hands              Tmut           0%         N/A       100%        5
 Lightning Bolt           Conj/Air       0%         1d11      100%        5


Dungeon Overview and Level Annotations

Branches:
Dungeon (4/15)
 Temple: D:4-7

Altars:
Elyvilon
Gozag
Hepliaklqana
Sif Muna
Trog

Shops:
D:1 *

Annotations:
D:3 2 transporters
D:4 1 runed translucent door, siradein's ghost, amateur DsBe


Innate Abilities, Weirdness & Mutations

((You are quick and stealthy while swimming. (Stealth+, EV+, Speed+++)))
Your lower body shifts to a powerful aquatic tail in water.


Message History

The gnoll is lightly wounded.
The gnoll barely misses you.
Reach: a) +0 trident
Press: ? - help, Dir - move target, f - orc priest, p - gnoll
Aim: an orc priest, wielding a +0 war axe (about 38% to evade your +0 trident)
The gnoll is in the way.
You hit the gnoll.
The gnoll is heavily wounded.
The gnoll hits you but does no damage.
An adder comes into view.
Reach: a) +0 trident
Press: ? - help, Dir - move target, f/p - orc priest
Aim: an orc priest, wielding a +0 war axe (about 38% to evade your +0 trident)
The gnoll is in the way.
The adder hisses angrily.
You puncture the gnoll!
You kill the gnoll!
Reach: a) +0 trident
Press: ? - help, Dir - move target, f/p - orc priest
Aim: an orc priest, wielding a +0 war axe (about 38% to evade your +0 trident)
You completely miss the orc priest. The gnoll closely misses you.
Unknown command.
You hit the orc priest.
The orc priest is lightly wounded.
The orc priest closely misses you. The gnoll completely misses you.
The orc priest misses you.
Your leather armour prevents you from hitting the orc priest.
The orc priest is lightly wounded.
The gnoll hits you from afar with a +0 spear.
The orc priest misses you.
You closely miss the orc priest.
The orc priest is lightly wounded.
The gnoll hits you from afar with a +0 spear.
The orc priest completely misses you.
You closely miss the orc priest.
The orc priest is lightly wounded.
The gnoll hits you from afar with a +0 spear!
* * * LOW HITPOINT WARNING * * *
The orc priest calls down the wrath of Beogh upon you.
Beogh smites you!
You die...

#.........#
###.......#
#.... ###..####
#..... ##...##
#......
###..###
.......
###..###
.......
###..###
>......
##...###g...>..
###.@oggS.(...
#####+##....
#W≈.# . #.≈.#
#.≈.# #.≈.#
#.$.# #####


You could see an orc priest, 3 gnolls and an adder.

Vanquished Creatures
  6 adders
  A gnoll (D:4)
  A howler monkey skeleton (D:4)
  3 worms
  A dart slug (D:2)
  2 leopard geckos
  12 orcs
  A ball python (D:3)
  2 giant cockroaches
  11 goblins
  8 hobgoblins
  3 jackals (D:2)
  2 quokkas
  6 bats
  A frilled lizard (D:2)
  6 kobolds
  6 rats
72 creatures vanquished.

Notes
Turn   | Place    | Note
-------+----------+-------------------------------------------
     0 | D:1      | Demosthentine the Merfolk Gladiator began the quest for the
                  | Orb.
     0 | D:1      | Reached XP level 1. HP: 16/16 MP: 1/1
    40 | D:1      | Found Lufafin's Assorted Antiques.
   415 | D:1      | Reached XP level 2. HP: 23/23 MP: 2/2
   918 | D:1      | Reached XP level 3. HP: 23/28 MP: 3/3
  1266 | D:2      | Reached skill level 5 in Polearms
  1369 | D:2      | Reached skill level 1 in Armour
  1403 | D:2      | Reached XP level 4. HP: 30/35 MP: 4/4
  1527 | D:2      | Found an opulent altar of Gozag.
  1948 | D:3      | Found a transporter.
  1949 | D:3      | Found a transporter.
  1983 | D:3      | Found a shimmering blue altar of Sif Muna.
  1985 | D:3      | Found a white marble altar of Elyvilon.
  1986 | D:3      | Found a hazy altar of Hepliaklqana.
  2402 | D:3      | Found a bloodstained altar of Trog.
  2427 | D:3      | Reached XP level 5. HP: 41/41 MP: 5/5
  2521 | D:3      | Reached skill level 5 in Dodging
  2958 | D:4      | Found a runed translucent door.
  2964 | D:4      | Noticed siradein's ghost (amateur DsBe)
  3000 | D:4      | Killed from afar by an orc priest

Illustrated notes

Levels and vault maps discovered:
D:1:      erik_arrival_blinker_ship, layout_basic, serial_shops, shop
D:2:      layout_basic, st_stairs_1, minmay_fountain_box, grunt_gozag_statues
D:3:      layout_loops_ring, gammafunk_temple_overflow_arena,
          minmay_misc_feat_columns, minmay_misc_feat_four_crosses,
          skrybe_limestone_x, bloody_trog
D:4:      layout_cave_pods, serial_shops, nicolae_shop_trees,
          portal_sewer_entry_e, ebering_ghost_reflecting_pool, ldierk_geyser

Skill      XL: |  1  2  3  4  5 |
---------------+----------------+-----
Polearms       | 5 |  5.8
Armour         | 1 |  1.6
Fighting       | 3 |  3.5
Dodging        | 5 |  5.2
Throwing       | |  2.0

Action                   |  1- 3 |  4- 6 || total
-------------------------+-------+-------++-------
Melee: Trident           |   108 |   125 ||   233
  Use: Scroll            |     1 |     3 ||     4
       Potion            |       |     3 ||     3
Armor: Leather armour    |    17 |    22 ||    39
Dodge: Dodged            |    57 |    53 ||   110

Table legend: (Time is in decaauts)
 A = Elapsed time spent in this place.
 B = Non-inter-level travel time spent in this place.
 C = Inter-level travel time spent in this place.
 D = Time resting spent in this place.
 E = Time spent auto-exploring this place.
 F = Levels seen in this place.
 G = Mean time per level.
                   A        B        C        D        E       F      G
               +--------+--------+--------+--------+--------+-----+--------+
         Total |   3007 |   2966 |     41 |      0 |   2491 |   4 |  751.8 |
       Dungeon |   3007 |   2966 |     41 |      0 |   2491 |   4 |  751.8 |
               +--------+--------+--------+--------+--------+-----+--------+

Top non-repeatable levels by time:
     D:1: 1105 daAuts
     D:3: 1077 daAuts
     D:2: 728 daAuts
     D:4: 97 daAuts
